Map: Habitation Station LE (Void)

Players

NaiL - Winner!

  • Race: Terran Terran
  • Spawn Location: 11:00

Gorod

  • Race: Zerg Zerg
  • League: Diamond
  • Spawn Location: 1:00

VOD

Have the link to the VOD?

Description

Time

  • Played on: Dec. 19, 2016, 6:52 a.m.
  • Length: 13:29
Show
View Real Time Build Order
Export as new Build Order

NaiL Terran - Winner!

Build Orders: Reaper Expand, MMM Bio 

Get SALT Encoding   

  12  0:01  SCV  
  13  0:13  SCV  
  14  0:17  Supply Depot  
  14  0:25  SCV  
  15  0:39  SCV  
  15  0:40  Barracks  
  16  0:45  Refinery  
  16  0:51  SCV  
  17  1:03  SCV  
  18  1:15  SCV  
  19  1:33  Orbital Command  
  19  1:34  Reaper  
  20  1:44  Command Center  
  20  1:53  Barracks  
  20  2:00  SCV  
  21  2:08  Barracks Reactor  
  21  2:12  SCV  
  22  2:16  Supply Depot  
  22  2:24  SCV  
  23  2:38  Factory, SCV  
  23  2:39  Refinery  
  23  2:41  Barracks Tech Lab  
  24  2:45  Marine x2  
  24  2:50  SCV  
  27  3:02  Marine  
  27  3:03  Marine  
  28  3:07  Stimpack  
  28  3:10  Orbital Command  
  28  3:11  SCV  
  29  3:15  Marine  
  30  3:20  Marine  
  30  3:21  Marine  
  30  3:23  SCV  
  33  3:28  Starport  
  33  3:34  Factory Reactor  
  33  3:35  SCV  
  33  3:36  SCV  
  33  3:39  Marine x3  
  38  3:44  Supply Depot  
  38  3:47  SCV  
  40  3:48  SCV  
  40  3:58  Marine x3  
  40  4:00  SCV x2  
  45  4:07  Supply Depot  
  45  4:09  Supply Depot  
  45  4:13  SCV  
  45  4:14  SCV  
  47  4:17  Factory Reactor  
  47  4:21  Marine, Medivac x2  
  52  4:25  SCV  
  52  4:26  SCV  
  52  4:29  Marine x2  
  56  4:32  Supply Depot  
  56  4:38  SCV x2  
  58  4:41  Marine  
  58  4:43  Bunker  
  59  4:47  Marine  
  59  4:49  Marine  
  59  4:50  SCV x2  
  63  5:01  Engineering Bay  
  63  5:02  SCV, Engineering Bay  
  63  5:03  SCV  
  65  5:08  Marine  
  65  5:09  Factory Reactor  
  65  5:12  Marine x2  
  68  5:14  SCV  
  68  5:15  SCV  
  68  5:18  Medivac  
  68  5:19  Supply Depot  
  72  5:27  SCV x2  
  74  5:29  Marine  
  74  5:33  Terran Infantry Armor Level 1, Terran Infantry Weapons Level 1  
  75  5:39  SCV x2  
  75  5:42  Refinery, Command Center  
  77  5:43  Refinery  
  76  5:52  Marine x2  
  76  5:54  Combat Shields  
  76  5:56  SCV x2  
  81  6:02  Factory Tech Lab  
  81  6:07  Marauder  
  80  6:22  Marine  
  80  6:23  Marine, Siege Tank  
  80  6:24  Medivac  
  85  6:28  SCV  
  85  6:30  Supply Depot  
  85  6:31  Supply Depot  
  85  6:32  Supply Depot x2  
  86  6:34  SCV  
  86  6:36  Marauder, Barracks  
  86  6:37  Barracks  
  86  6:38  Barracks  
  89  6:43  Supply Depot  
  89  6:47  Armory  
  88  6:57  SCV x2  
  88  7:00  Marine, Siege Tank  
  93  7:09  SCV  
  93  7:10  SCV  
  95  7:15  Marine  
  95  7:16  Marauder  
  95  7:18  Marine  
  99  7:26  Barracks Reactor  
  99  7:27  Marine x4  
  103  7:31  SCV  
  103  7:32  SCV  
  103  7:33  Marine  
  106  7:38  Orbital Command  
  106  7:41  Marine x2  
  108  7:53  Marine  
  108  7:54  Marine x3  
  108  7:55  Siege Tank  
  114  7:59  Marauder  
  114  8:00  Marine x2  
  114  8:01  SCV  
  114  8:02  SCV  
  114  8:03  Terran Infantry Weapons Level 2, Terran Infantry Armor Level 2  
  120  8:07  SCV  
  120  8:11  Reaper  
  122  8:13  Terran Vehicle Weapons Level 1, SCV  
  122  8:14  SCV, Marine x4  
  122  8:19  SCV  
  129  8:22  Marine x3  
  129  8:23  Marauder, Medivac x2  
  138  8:29  SCV x2  
  138  8:33  Marine  
  138  8:34  Marine x3  
  143  8:37  Refinery  
  144  8:42  Refinery, Marine x3  
  147  9:00  Marine x2  
  149  9:08  Supply Depot  
  149  9:09  Supply Depot x2  
  149  9:10  Supply Depot  
  149  9:12  Barracks x2  
  149  9:22  Marine  
  149  9:23  Marine x4  
  149  9:24  Marine  
  149  9:25  Marauder  
  149  9:28  Siege Tank  
  149  9:30  Marine x2  
  151  9:31  Medivac  
  151  9:32  Medivac  
  151  9:37  Barracks  
  155  9:40  Marine  
  155  9:41  Marine x2  
  155  9:46  Marauder  
  155  9:51  Marine  
  155  9:52  Marine x4  
  141  9:57  Marine  
  141  9:58  Marine x2  
  135  10:06  Barracks Tech Lab  
  135  10:07  Barracks Tech Lab  
  135  10:08  Marauder, Siege Tank  
  135  10:09  Marine  
  135  10:11  Command Center  
  135  10:14  Marine x4  
  143  10:26  Marauder x2  
  147  10:28  Barracks Tech Lab  
  147  10:29  Marauder  
  146  10:39  Marine x2  
  146  10:40  Marine x6, Siege Tank  
  145  10:47  Terran Infantry Armor Level 3  
  145  10:48  Marauder  
  147  10:50  Marauder  
  147  10:55  Marauder x2  
  153  11:01  Marine x2  
  155  11:09  Marauder  
  157  11:12  Marauder  
  159  11:19  Starport  
  159  11:24  Refinery  
  159  11:25  Refinery  
  157  11:26  Marine x4  
  157  11:27  Marauder, Marine  
  157  11:32  Marauder, Marine  
  163  11:42  Marauder, Marine x3  
  163  11:44  Marine x3  
  168  11:51  Marauder, Marine x3  
  168  11:54  Marauder  
  173  11:59  Marine  
  173  12:00  Marauder, Marine  
  177  12:03  Marauder, Liberator  
  172  12:09  Marine x3  
  172  12:10  Siege Tank  
  169  12:30  Marine  
  169  12:36  Marauder x3, Marine x3, Starport Reactor  
  178  12:42  Siege Tank  
  171  13:01  Marauder x2, Marine x6  
  171  13:02  Marauder x2  
Show
View Real Time Build Order
Export as new Build Order

Gorod Zerg 

Build Orders: Hatch First 

Get SALT Encoding   

  12  0:01  Drone  
  13  0:08  Drone  
  14  0:15  Drone, Extractor  
  15  0:38  Hatchery  
  14  0:44  Extractor  
  14  0:45  Drone  
  15  1:05  Spawning Pool  
  15  1:08  Drone, Extractor  
  14  1:19  Drone, Extractor  
  14  1:21  Overlord  
  16  1:39  Drone x2  
  18  1:41  Drone  
  19  1:50  Drone  
  19  1:52  Queen  
  22  1:55  Queen  
  22  1:58  Drone  
  25  2:06  Overlord  
  25  2:10  Drone  
  25  2:12  Drone  
  27  2:19  Drone  
  28  2:24  Drone x2  
  30  2:31  Queen  
  31  2:41  Drone x2  
  33  2:45  Overlord  
  33  2:46  Drone  
  34  3:02  Drone x2  
  34  3:04  Extractor  
  35  3:06  Drone x5, Extractor  
  35  3:07  Drone, Roach Warren  
  39  3:13  Queen  
  39  3:18  Drone x2  
  44  3:20  Drone  
  44  3:27  Overlord  
  44  3:46  Drone x4  
  44  3:47  Drone  
  49  3:48  Hatchery  
  49  3:49  Roach  
  49  3:52  Roach  
  52  4:02  Evolution Chamber  
  51  4:03  Evolution Chamber  
  51  4:05  Roach  
  53  4:13  Evolution Chamber  
  52  4:24  Lair  
  52  4:27  Extractor  
  52  4:28  Drone  
  52  4:33  Extractor  
  51  4:52  Overlord x2  
  51  4:53  Overlord x4  
  51  5:02  Zerg Missile Weapons Level 1  
  51  5:03  Zerg Ground Armor Level 1  
  51  5:13  Roach x5  
  61  5:15  Drone x4  
  61  5:16  Roach x2  
  69  5:40  Roach x3  
  69  5:41  Roach  
  69  5:42  Glial Reconstitution  
  77  6:00  Drone x16  
  89  6:13  Extractor  
  89  6:18  Extractor  
  83  6:23  Queen  
  77  6:29  Drone x9  
  77  6:30  Drone  
  87  6:43  Drone x4, Spore Crawler  
  87  6:46  Spore Crawler x2  
  88  6:47  Spore Crawler  
  87  6:57  Ravager  
  88  7:06  Roach x4  
  96  7:09  Ravager x2  
  96  7:10  Ravager  
  96  7:11  Ravager x2  
  101  7:16  Zerg Missile Weapons Level 2, Zerg Ground Armor Level 2  
  101  7:22  Drone x3  
  104  7:25  Roach  
  104  7:26  Overlord x6  
  106  7:50  Roach  
  106  7:51  Roach x13  
  134  8:09  Spore Crawler  
  134  8:10  Drone  
  134  8:23  Extractor  
  134  8:26  Extractor  
  132  9:00  Roach x5  
  132  9:01  Overlord x5  
  132  9:02  Overlord x2  
  142  9:04  Ravager x8  
  142  9:05  Ravager x4  
  154  9:11  Infestation Pit, Hatchery  
  154  9:12  Roach  
  136  9:29  Roach x14  
  136  9:31  Ravager x10  
  153  9:37  Drone  
  149  10:01  Extractor  
  149  10:04  Hatchery  
  125  10:39  Roach x15  
  125  10:40  Roach  
  130  10:54  Drone x3  
  133  11:03  Ravager x6  
  133  11:04  Ravager  
  140  11:06  Ravager x6  
  140  11:07  Ravager x2  
  140  11:08  Roach x3  
  154  11:24  Roach  
  154  11:25  Roach x10  
  151  11:52  Roach x5  
  151  11:53  Roach x15  
  188  11:56  Queen  
  190  12:08  Burrow, Tunneling Claws  
  162  12:24  Roach x12  
  173  12:30  Ravager x2  
  175  12:39  Drone  
  175  12:40  Drone x9  
  166  12:55  Ravager x2  
  164  12:58  Ravager  
  164  12:59  Ravager x5  
Tags
 
Add a new tag
Caveats
  • Supply blocks, unpowered buildings, or Contaminate may cause inaccurate times.
  • Supply counts are checked every 10 seconds.